Map: 뉴 리퍼그넌시 - 래더

Players

Dear

  • Race: Protoss Protoss
  • Spawn Location: 7:00

Ragnarok (SHIN) - Winner!

  • Race: Zerg Zerg
  • Spawn Location: 1:00

Event: IEM Season 13: Katowice (2019)

VOD

Have the link to the VOD?

Description

Time

  • Played on: Feb. 25, 2019, 4:59 a.m.
  • Length: 7:49

All games in this series

Show
View Real Time Build Order
Export as new Build Order

Dear Protoss 

Build Orders: 1 Gate Expand, Oracle Opening, Phoenix Opening 

Get SALT Encoding   

  12  0:00  Probe  
  13  0:12  Probe  
  14  0:19  Pylon  
  14  0:24  Probe  
  15  0:33  Probe  
  15  0:41  Probe  
  16  0:43  Gateway  
  16  0:47  Assimilator  
  17  0:51  Probe  
  18  1:03  Probe  
  19  1:15  Probe  
  20  1:26  Nexus  
  20  1:29  Probe  
  21  1:41  Cybernetics Core  
  21  1:45  Assimilator  
  21  1:48  Probe  
  22  1:54  Pylon  
  22  2:00  Probe  
  23  2:07  Adept  
  23  2:12  Probe  
  24  2:20  Stargate  
  26  2:24  Probe  
  26  2:25  Warp Gate  
  26  2:27  Adept  
  27  2:34  Probe  
  27  2:36  Probe  
  28  2:42  Probe  
  31  2:48  Probe  
  33  2:52  Probe  
  33  2:56  Adept, Phoenix  
  36  3:00  Probe  
  36  3:04  Probe  
  40  3:13  Pylon  
  40  3:14  Probe  
  40  3:16  Probe  
  40  3:18  Oracle  
  42  3:26  Probe  
  46  3:31  Probe  
  47  3:38  Probe  
  44  3:43  Probe  
  44  3:45  Gateway  
  44  3:50  Robotics Facility  
  44  3:52  Probe  
  44  3:54  Assimilator  
  45  3:55  Probe  
  45  3:59  Assimilator  
  45  4:02  Gateway  
  46  4:04  Twilight Council  
  46  4:05  Probe  
  46  4:08  Probe  
  48  4:14  Pylon  
  48  4:15  Adept  
  51  4:17  Probe  
  51  4:20  Probe  
  52  4:29  Immortal, Probe  
  53  4:32  Probe, Resonating Glaives  
  58  4:46  Gateway  
  58  4:48  Sentry  
  60  4:55  Pylon  
  60  4:57  Nexus  
  60  5:01  Immortal  
  60  5:10  Sentry  
  66  5:14  Sentry  
  68  5:23  Gateway x2  
  68  5:26  Gateway  
  68  5:27  Gateway  
  68  5:28  Warp Prism  
  68  5:33  Gateway  
  68  5:40  Pylon  
  70  5:43  Pylon  
  70  5:58  Sentry  
  70  5:59  Sentry, Adept, Observer  
  76  6:05  Pylon  
  76  6:08  Pylon  
  77  6:25  Adept x7  
  89  6:27  Adept  
  93  6:47  Adept x8  
  101  7:08  Adept x6  
  107  7:12  Adept x2  
  85  7:27  Adept x2  
  85  7:28  Adept  
Show
View Real Time Build Order
Export as new Build Order

Ragnarok Zerg - Winner!

Build Orders: Hatch First 

Get SALT Encoding   

  12  0:00  Drone  
  13  0:12  Overlord  
  13  0:17  Drone  
  14  0:30  Drone x2  
  16  0:48  Hatchery  
  15  0:51  Drone  
  15  0:55  Drone  
  17  0:59  Drone  
  18  1:09  Extractor  
  17  1:14  Spawning Pool  
  17  1:18  Drone  
  17  1:22  Drone  
  18  1:29  Drone  
  19  1:40  Drone  
  20  1:55  Overlord  
  20  2:01  Queen x2, Zergling x2  
  21  2:02  Drone  
  26  2:11  Zergling x2  
  26  2:14  Metabolic Boost  
  27  2:16  Drone  
  27  2:22  Drone x2  
  30  2:32  Drone  
  31  2:41  Hatchery  
  31  2:44  Drone  
  31  2:49  Queen  
  33  2:54  Overlord  
  33  3:00  Drone x3  
  36  3:13  Zergling x6  
  36  3:15  Drone x2  
  36  3:16  Drone  
  42  3:24  Queen  
  42  3:25  Overlord  
  44  3:32  Drone  
  43  3:39  Drone  
  43  3:40  Overlord  
  44  3:42  Overlord  
  44  3:43  Drone, Spore Crawler  
  44  3:48  Overlord  
  44  3:54  Overlord  
  44  3:56  Queen  
  44  3:57  Drone x3  
  44  3:59  Drone  
  51  4:02  Drone  
  51  4:03  Drone  
  51  4:05  Drone  
  51  4:06  Drone  
  51  4:08  Spore Crawler  
  53  4:11  Drone  
  53  4:14  Spore Crawler  
  53  4:15  Drone  
  53  4:16  Drone  
  55  4:18  Drone  
  55  4:20  Drone  
  57  4:28  Lair  
  57  4:29  Drone x3  
  60  4:34  Drone x2  
  60  4:36  Drone  
  59  4:38  Drone  
  59  4:39  Drone x2  
  59  4:43  Drone x3  
  59  4:45  Drone  
  66  4:50  Roach Warren  
  66  4:52  Extractor  
  63  4:53  Drone  
  63  4:54  Extractor  
  63  5:03  Overlord  
  63  5:04  Drone x5  
  68  5:10  Drone  
  68  5:11  Zergling x6  
  72  5:16  Zergling x4  
  72  5:17  Overlord x2  
  72  5:20  Extractor  
  72  5:21  Extractor  
  72  5:22  Drone  
  72  5:23  Zergling x2  
  72  5:26  Drone x2  
  72  5:27  Drone x2  
  78  5:28  Drone  
  78  5:31  Glial Reconstitution  
  78  5:39  Drone x3  
  81  5:43  Roach x2  
  81  5:44  Roach  
  86  5:52  Roach x4  
  86  5:53  Extractor  
  93  5:59  Drone x3  
  93  6:00  Infestation Pit  
  95  6:05  Roach  
  95  6:07  Overlord  
  95  6:08  Overlord  
  95  6:09  Overseer  
  95  6:10  Hatchery  
  96  6:11  Overlord  
  96  6:15  Overlord  
  95  6:23  Ravager x2  
  97  6:26  Roach x6  
  97  6:28  Overlord  
  97  6:30  Ravager x3  
  112  6:33  Roach x2  
  112  6:38  Roach x3  
  122  6:42  Roach x2  
  122  6:46  Roach x3  
  132  6:53  Roach x3  
  133  6:57  Roach  
  133  7:00  Roach x2  
  134  7:01  Overlord  
  134  7:05  Roach x3  
  134  7:06  Roach  
  130  7:09  Roach x2  
  130  7:11  Roach  
  130  7:12  Roach  
  132  7:16  Roach  
  132  7:17  Roach  
  132  7:18  Roach  
  132  7:20  Roach  
  132  7:22  Roach  
  130  7:26  Roach  

Tags
 
Add a new tag
Caveats
  • Supply blocks, unpowered buildings, or Contaminate may cause inaccurate times.
  • Supply counts are checked every 10 seconds.